 Dungeon Crawl Stone Soup version 0.23-a0-404-g0063841 (webtiles) character file.

4937 ozpin88 the Basher (level 10, -2/90 HPs)
             Began as a Minotaur Berserker on Nov 5, 2018.
             Was a High Priest of Trog.
             Engulfed by a cloud of freezing vapour (12 damage)
             ... on level 8 of the Dungeon on Nov 6, 2018.
             The game lasted 00:29:31 (8405 turns).

ozpin88 the Basher (Minotaur Berserker)             Turns: 8405, Time: 00:29:32

Health: -2/90      AC: 17    Str: 25    XL:     10   Next: 28%
Magic:  9/9        EV:  9    Int:  4    God:    Trog [*****.]
Gold:   464        SH:  0    Dex: 10    Spells: 9/9 levels left

rFire    . . .     SeeInvis .   D - +1 hand axe (flame)
rCold    . . .     Gourm    .   (no shield)
rNeg     . . .     Faith    +   b - +1 plate armour
rPois    .         Spirit   .   (helmet restricted)
rElec    .         Reflect  .   t - +0 cloak
rCorr    +         Harm     .   j - +0 pair of gloves
MR       .....                  (no boots)
Stlth    ..........             C - amulet of faith
HPRegen  0.25/turn              d - ring of resist corrosion
MPRegen  0.11/turn              (no ring)

@: no status effects
A: retaliatory headbutt, horns 2
a: Berserk, Trog's Hand, Brothers in Arms, Renounce Religion


You were on level 8 of the Dungeon.
You worshipped Trog.
Trog was extremely pleased with you.
You were hungry.

You visited 1 branch of the dungeon, and saw 8 of its levels.

You collected 464 gold pieces.

Inventory:

Hand Weapons
 n - a +1 quarterstaff of protection
 o - a +0 war axe
 z - a +1 flail of holy wrath
 D - a +1 hand axe of flaming (weapon)
Missiles
 x - 7 tomahawks (quivered)
Armour
 b - a +1 plate armour (worn)
 j - a +0 pair of gloves (worn)
 t - a +0 cloak (worn)
Jewellery
 d - a ring of resist corrosion (left hand)
 q - an uncursed amulet of the gourmand
 C - an amulet of faith (around neck)
Wands
 y - a wand of polymorph (12)
 B - a wand of enslavement (8)
Scrolls
 e - 5 scrolls of identify
 f - 3 scrolls of teleportation
 h - a scroll of random uselessness
 i - 3 scrolls of amnesia
 p - 2 scrolls of immolation
 r - a scroll of enchant armour
 u - 5 scrolls of remove curse
 E - 2 scrolls of noise
Potions
 a - a potion of agility
 g - a potion of lignification
 k - 3 potions of haste
 l - 4 potions of brilliance
 m - a potion of mutation
 s - a potion of might
 w - a potion of flight
 A - a potion of resistance
Comestibles
 c - 23 rations


   Skills:
 + Level 8.9 Fighting
 + Level 6.2(9.0) Axes
 + Level 10.0(11.4) Maces & Flails
 + Level 6.5(9.2) Staves
 + Level 8.9 Armour
 + Level 4.0 Dodging
 + Level 1.6 Stealth


You had 9 spell levels left.
You didn't know any spells.
Your spell library was empty.

Dungeon Overview and Level Annotations

Branches:
Dungeon (8/15)             Temple (0/1) D:7
   Lair: D:8-11

Altars:
Ashenzari
Nemelex Xobeh
Ru
Trog
Vehumet


Innate Abilities, Weirdness & Mutations

You reflexively headbutt those who attack you in melee.
You have a pair of horns on your head.


Message History

You are engulfed in freezing vapours.
You are engulfed in freezing vapours.
You are engulfed in freezing vapours.
You are engulfed in freezing vapours.
You are engulfed in freezing vapours.
* * * LOW HITPOINT WARNING * * *
You are engulfed in freezing vapours.
* * * LOW HITPOINT WARNING * * *
You are engulfed in freezing vapours.
* * * LOW HITPOINT WARNING * * *
You feel much better.
You are engulfed in freezing vapours.
* * * LOW HITPOINT WARNING * * *
You feel much better.
You are engulfed in freezing vapours.
* * * LOW HITPOINT WARNING * * *
You start resting.
You are engulfed in freezing vapours.
* * * LOW HITPOINT WARNING * * *
You start resting.
You are engulfed in freezing vapours.
You die...

#.......##.# #..###.#.##
#.......##.#########..<##.#.##
##......##...........#(##.#.##
#......##############..#.#.##
#########.......#....).#.#.## #
#.#####.#........#.## #
####.#####.######..##.## #
#....#####............## #
########....#§@§#####.......... #
#...........#§#§## #.......... #
#...........#§#§## #..........
###........)..#§#§## #..........
.##..###......#§#§## #..........
.##.##_##.....#§#§## #..........
.####..###....#§#§## #..........
##.#..#.^#....#§#§## #..........
##.#.#...#...##.#.#####..........


There were no monsters in sight!

Vanquished Creatures
  An unseen horror (D:7)
  Joseph (D:8)
  A troll (D:7)
  Grinder (D:5)
  3 hogs (D:7)
  2 fire bats (D:6)
  A yak (D:7)
  A human (D:7)
  Edmund (D:5)
  The ghost of zarzak the Insei, an amateur OpTm (D:3)
  2 orc warriors
  2 black bears (D:6)
  An ice beast (D:8)
  A centaur (D:7)
  A big kobold (D:7)
  4 bullfrogs
  A wyvern zombie (D:7)
  A scorpion (D:7)
  3 killer bees (D:8)
  5 wights
  A howler monkey (D:5)
  3 crimson imps
  2 centaur zombies
  A quasit (D:7)
  4 hounds
  A jelly (D:6)
  4 orc priests
  2 centaur skeletons
  7 orc wizards
  Jessica (D:2)
  3 iguanas
  Terence (D:2)
  A worker ant (D:8)
  2 hound zombies
  A worker ant zombie (D:7)
  Robin (D:2)
  11 adders
  A shadow imp (D:6)
  4 adder zombies
  3 worms
  A dart slug (D:2)
  5 leopard geckos
  22 orcs
  2 ball pythons
  4 bats
  6 giant cockroaches
  14 goblins
  10 hobgoblins
  7 jackals
  12 kobolds
  2 quokkas
  A ball python skeleton (D:4)
  3 frilled lizards
  6 rats
183 creatures vanquished.

Vanquished Creatures (others)
  2 orc priests (D:8)
  An orc wizard (D:8)
3 creatures vanquished.

Grand Total: 186 creatures vanquished

Notes
Turn   | Place    | Note
-------+----------+-------------------------------------------
     0 | D:1      | ozpin88 the Minotaur Berserker began the quest for the Orb.
     0 | D:1      | Reached XP level 1. HP: 19/19 MP: 0/0
   432 | D:1      | Reached XP level 2. HP: 27/27 MP: 1/1
   893 | D:2      | Reached XP level 3. HP: 33/33 MP: 2/2
   896 | D:2      | Noticed Jessica
   896 | D:2      | Reached ** piety under Trog
   896 | D:2      | Noticed Robin
  1114 | D:2      | Killed Jessica
  1114 | D:2      | Reached XP level 4. HP: 41/41 MP: 3/3
  1123 | D:2      | Killed Robin
  1123 | D:2      | Reached skill level 5 in Axes
  1340 | D:2      | Noticed Terence
  1350 | D:2      | Killed Terence
  1357 | D:2      | Reached skill level 5 in Fighting
  1967 | D:3      | Reached XP level 5. HP: 48/48 MP: 4/4
  2053 | D:3      | Found a faded altar of an unknown god.
  2316 | D:3      | Found a runed door.
  2316 | D:3      | Noticed zarzak's ghost (amateur OpTm)
  2356 | D:3      | Reached skill level 1 in Staves
  2451 | D:3      | Killed zarzak's ghost
  2451 | D:3      | Reached skill level 1 in Stealth
  2451 | D:3      | Reached XP level 6. HP: 47/56 MP: 5/5
  2555 | D:3      | Found a shattered altar of Ashenzari.
  2863 | D:4      | Reached *** piety under Trog
  3233 | D:4      | Reached XP level 7. HP: 62/62 MP: 6/6
  3554 | D:5      | Entered Level 5 of the Dungeon
  3941 | D:5      | Noticed Grinder
  3943 | D:5      | Noticed Edmund
  3946 | D:5      | Paralysed by Grinder for 3 turns
  3953 | D:5      | Killed Edmund
  3955 | D:5      | Killed Grinder
  3955 | D:5      | Reached skill level 5 in Staves
  4101 | D:5      | Reached XP level 8. HP: 68/70 MP: 7/7
  4399 | D:6      | Found a transporter.
  4435 | D:6      | Found a bloodstained altar of Trog.
  4450 | D:6      | Reached skill level 1 in Maces & Flails
  4452 | D:6      | Reached skill level 5 in Armour
  4713 | D:6      | Found a transporter.
  4738 | D:6      | HP: 4/106 [fire bat (8)]
  4739 | D:6      | Reached skill level 2 in Maces & Flails
  4747 | D:6      | Reached skill level 3 in Maces & Flails
  5215 | D:6      | Found a radiant altar of Vehumet.
  5560 | D:6      | Found a sacrificial altar of Ru.
  5603 | D:6      | Reached skill level 4 in Maces & Flails
  5955 | D:7      | Noticed a troll
  5963 | D:7      | Killed a troll
  5963 | D:7      | Reached skill level 5 in Maces & Flails
  5963 | D:7      | Reached XP level 9. HP: 79/79 MP: 8/8
  5988 | D:7      | Reached **** piety under Trog
  6111 | D:7      | Reached skill level 6 in Maces & Flails
  6282 | D:7      | Reached skill level 7 in Maces & Flails
  6293 | D:7      | Reached skill level 8 in Maces & Flails
  6405 | D:7      | Killed an unseen horror
  6405 | D:7      | Reached skill level 9 in Maces & Flails
  6405 | D:7      | Reached XP level 10. HP: 77/90 MP: 9/9
  6596 | D:7      | Found a staircase to the Ecumenical Temple.
  7079 | D:8      | Found a sparkling altar of Nemelex Xobeh.
  7254 | D:8      | Noticed Joseph
  7267 | D:8      | Killed Joseph
  7315 | D:8      | Reached ***** piety under Trog
  7795 | D:8      | Reached skill level 10 in Maces & Flails
  8351 | D:8      | HP: 1/90 [something (18)]
  8405 | D:8      | Engulfed by a cloud of freezing vapour

Vault maps used:
D:1:      dpeg_arrival_boxes_within_box
D:2:      uniq_jessica, uniq_terence, uniq_robin
D:3:      lemuel_coloured_pillars_altar, chequers_ecumenical_altar_simple,
          hellmonk_ghost_happy_afterlife, first_ration, serial_park_tiny_1
D:4:      guppyfry_early_lair_pool
D:5:      minmay_large_rounded_square, minivault_25, st_stairs_9, uniq_edmund,
          uniq_grinder
D:6:      gammafunk_cloud_chamber, lemuel_crystal_altar,
          nicolae_ru_the_path_less_chosen, trog_ov_bears_minmay
D:7:      minmay_cornered_nines, temple_green, grunt_livestock
D:8:      lemuel_ice_spiral_2, marbit_many_paths, uniq_joseph

Skill      XL: |  1  2  3  4  5  6  7  8  9 10 |
---------------+-------------------------------+-----
Fighting       | 4 5 6 7 8 |  8.9
Axes           | 4 5 6 |  6.2
Armour         | 3 4 6 8 |  8.9
Dodging        | 3 4 |  4.0
Staves         | 2 3 5 6 |  6.5
Stealth        | 1 |  1.6
Maces & Flails | 5 9 10 | 10.0

Action                   |  1- 3 |  4- 6 |  7- 9 | 10-12 || total
-------------------------+-------+-------+-------+-------++-------
Melee: Hand axe          |    36 |    42 |       |    53 ||   131
       Headbutt          |     2 |    21 |    41 |    15 ||    79
       Quarterstaff      |       |    99 |    27 |       ||   126
       Flail             |       |       |   196 |    31 ||   227
Invok: Berserk           |     2 |     2 |     5 |     2 ||    11
  Use: Scroll            |       |     4 |     5 |    10 ||    19
       Potion            |       |       |     5 |     3 ||     8
  Eat: Chunk             |     1 |     9 |    17 |     4 ||    31
       Ration            |     1 |       |       |       ||     1
Armor: Animal skin       |     4 |     4 |       |       ||     8
       Scale mail        |       |    54 |       |       ||    54
       Chain mail        |       |     9 |       |       ||     9
       Plate armour      |       |     7 |   213 |    34 ||   254
Dodge: Dodged            |    36 |    66 |    93 |    26 ||   221

Table legend:
 A = Non-vault XP
 B = Vault XP
 C = Vault XP percentage of total XP
 D = Non-vault monster count
 E = Vault monster count
 F = Vault count percentage of total count
                 A         B        C        D         E       F
            +---------+---------+-------+---------+---------+-------
      Total |    3242 |    3811 |  54.0 |     149 |      34 |  18.6
            +---------+---------+-------+---------+---------+-------
        D:1 |      26 |       2 |   7.1 |      13 |       1 |   7.1
        D:2 |      62 |     105 |  62.9 |      18 |      12 |  40.0
        D:3 |     275 |     165 |  37.5 |      26 |       1 |   3.7
        D:4 |     108 |      39 |  26.5 |      14 |       3 |  17.6
        D:5 |     287 |     439 |  60.5 |       9 |       3 |  25.0
        D:6 |     441 |     646 |  59.4 |      21 |       4 |  16.0
        D:7 |    1216 |    1892 |  60.9 |      29 |       8 |  21.6
        D:8 |     827 |     523 |  38.7 |      19 |       2 |   9.5
            +---------+---------+-------+---------+---------+-------
